cohdb
Replays
Latest Replays
All Replays
Popular Replays
Top Player Replays
Match Explorer
How It Works
Community
CoH3 Stats
Reddit
Sign in to upload your games and track your stats! →
Sign in with Steam
Match 41954956
Unlisted
Match 41954956
Overview
Messages
Build Orders
End
Scout Squad
Construct Barracks
1⁄4-ton 4x4 Truck
Riflemen Squad
Engineer Squad
Riflemen Squad
Grenade Package
Infantry Support Center
Construct Weapon Support Center
M3 Armored Personnel Carrier
Selects Heavy Weapons
Selects Assault Carriers
Selects Exchangeable Parts
Construct Medical Station
Selects M2HB .50cal Heavy Machine Gun
M1919 Machine Gun Team
M1918 Browning Automatic Rifles
Insomniac
Zimmermann
GunGrave
Kira [NL]
0
0
Comments
sign in to comment!
No comments posted yet!